 Dungeon Crawl Stone Soup version 0.24-a0-275-g6f7e2cb (webtiles) character file.

Game seed: 17544208674925786652

59 Hylith the Skirmisher (level 4, 0/37 HPs)
             Began as a Formicid Abyssal Knight on Apr 27, 2019.
             Was a Follower of Lugonu.
             Slain by a quokka (2 damage)
             ... on level 2 of the Dungeon.
             The game lasted 00:06:17 (2446 turns).

Hylith the Skirmisher (Formicid Abyssal Knight)     Turns: 2446, Time: 00:06:17

Health: 0/37       AC:  4    Str: 17    XL:     4   Next: 22%
Magic:  6/6        EV: 11    Int: 12    God:    Lugonu [*.....]
Gold:   139        SH:  0    Dex: 10    Spells: 3/3 levels left

rFire    . . .     SeeInvis +   a - +1 hand axe
rCold    . . .     Gourm    .   (no shield)
rNeg     . . .     Faith    .   b - +1 leather armour
rPois    .         Spirit   .   (helmet unavailable)
rElec    .         Reflect  .   (no cloak)
rCorr    .         Harm     .   (no gloves)
MR       .....                  (no boots)
Stlth    +.........             g - amulet of inaccuracy (curse)
HPRegen  0.12/turn              (no ring)
MPRegen  0.10/turn              (no ring)

@: no status effects
A: permanent stasis, dig shafts and tunnels, four strong arms, antennae 3
a: Dig, Shaft Self, Depart the Abyss, Renounce Religion


You were on level 2 of the Dungeon.
You worshipped Lugonu.
Lugonu was aware of your devotion.
You were not hungry.

You visited 1 branch of the dungeon, and saw 2 of its levels.
You visited the Abyss 1 time.

You collected 139 gold pieces.

Inventory:

Hand Weapons
 a - a +1 hand axe (weapon)
Armour
 b - a +1 leather armour (worn)
Jewellery
 g - a cursed amulet of inaccuracy (around neck)
Scrolls
 e - a scroll of identify
 f - a scroll of noise {unknown}
 i - a scroll of enchant armour
Potions
 h - a potion of resistance
 j - a potion of curing
 k - a potion of agility {unknown}
 l - a potion of might
Comestibles
 c - 5 rations


   Skills:
 + Level 3.8 Fighting
 * Level 2.7 Axes
 + Level 3.0 Armour
 - Level 1.0 Dodging
 - Level 3.0 Invocations


You had 3 spell levels left.
You didn't know any spells.
Your spell library was empty.

Dungeon Overview and Level Annotations

Branches:
Dungeon (2/15)

Altars:
Nemelex Xobeh


Innate Abilities, Weirdness & Mutations

You cannot be hasted, slowed, berserked, paralysed or teleported.
You can dig through walls and to a lower floor.
Your four strong arms can wield two-handed weapons with a shield.
You have a pair of large antennae on your head. (SInv)


Message History

The jackal barely misses you. The goblin hits you but does no damage.
The jackal barely misses you. The worm bites you but does no damage.
The jackal bites you but does no damage.
Found 9 gold pieces.
The jackal closely misses you. The jackal barely misses you.
A quokka comes into view.
Found a ration.
You miss the quokka. You miss the kobold. The quokka bites you.
* * * LOW HITPOINT WARNING * * *
The kobold hits you but does no damage. The quokka bites you.
* * * LOW HITPOINT WARNING * * *
You closely miss the quokka. You closely miss the kobold. The quokka bites you.
* * * LOW HITPOINT WARNING * * *
The kobold misses you.
You miss the quokka. You closely miss the kobold. You hit the kobold.
You kill the kobold!
Lugonu accepts your kill. The quokka bites you.
You die...

#...........#
#...........#
#...........#
#....(g.....#
#....{......#
#..wlh{.$...#
####.########
#h########
#K@r.....%
#.########
###


You could see a worm, a leopard gecko, a quokka, a jackal and a kobold.

Vanquished Creatures
  An adder (D:2)
  2 worms (D:2)
  5 leopard geckos
  A giant cockroach (D:2)
  3 goblins
  3 hobgoblins
  6 jackals
  5 kobolds
  A quokka (D:2)
  A ball python (D:1)
  4 bats
  2 frilled lizards (D:1)
  3 rats
37 creatures vanquished.

Notes
Turn   | Place    | Note
-------+----------+-------------------------------------------
     0 | Abyss:1  | Hylith the Formicid Abyssal Knight began the quest for the
                  | Orb.
     0 | Abyss:1  | Reached XP level 1. HP: 18/18 MP: 2/2
    57 | Abyss:1  | Noticed a starcursed mass
    59 | D:1      | Escaped the Abyss
   182 | D:1      | Reached skill level 1 in Dodging
   184 | D:1      | Reached * piety under Lugonu
   190 | D:1      | Reached XP level 2. HP: 23/24 MP: 3/3
   279 | D:1      | Found a sparkling altar of Nemelex Xobeh.
   506 | D:1      | Reached XP level 3. HP: 27/29 MP: 3/5
   963 | D:2      | HP: 1/29 [leopard gecko (1)]
  1653 | D:2      | Reached XP level 4. HP: 23/37 MP: 6/6
  2446 | D:2      | Slain by a quokka

Levels and vault maps discovered:
D:1:      dpeg_arrival_castle, layout_basic, nemelex_diamond_rough_becter
D:2:      layout_basic, led_sif_pool

Skill      XL: |  1  2  3  4 |
---------------+-------------+-----
Dodging        | 1 |  1.0
Invocations    | 3 |  3.0
Armour         | 3 |  3.0
Fighting       | |  3.8
Axes           | |  2.7

Action                   |  1- 3 |  4- 6 || total
-------------------------+-------+-------++-------
Melee: Hand axe          |   115 |    49 ||   164
Invok: Depart the Abyss  |     1 |       ||     1
  Use: Scroll            |     3 |       ||     3
       Potion            |     2 |       ||     2
  Eat: Chunk             |     2 |     3 ||     5
Armor: Leather armour    |    46 |    10 ||    56
Dodge: Dodged            |   112 |    23 ||   135

Table legend:
 A = Non-vault XP
 B = Vault XP
 C = Vault XP percentage of total XP
 D = Non-vault monster count
 E = Vault monster count
 F = Vault count percentage of total count
                 A         B        C        D         E       F
            +---------+---------+-------+---------+---------+-------
      Total |      85 |       0 |   0.0 |      37 |       0 |   0.0
            +---------+---------+-------+---------+---------+-------
        D:1 |      29 |       0 |   0.0 |      17 |       0 |   0.0
        D:2 |      56 |       0 |   0.0 |      20 |       0 |   0.0
            +---------+---------+-------+---------+---------+-------
